 Dungeon Sprint DCSS version 0.30-a0-187-gd9c2deaf24 (webtiles) character file.

Game seed: 1837428089341566076

1200000 ytrimaz the Fanfare of Bloodshed (level 11, -8/81 HPs)
             Began as a Demonspawn Monk on Oct 3, 2022.
             Was a Believer of Makhleb.
             Mangled by a bag of meat
             ... wielding a +9 war axe
              (42 damage)
             ... in the Dungeon (Sprint VIII: "Arena of Blood").
             The game lasted 00:00:42 (12 turns).

ytrimaz the Fanfare of Bloodshed (Demonspawn Monk)    Turns: 12, Time: 00:00:42

Health: -8/81      AC:  2    Str: 11    XL:     11   Next: 78%
Magic:  0/20       EV: 16    Int: 11    God:    Makhleb [**....]
Gold:   0          SH:  4    Dex: 21    Spells: 22/22 levels left

rFire   . . .      SeeInvis .    i - +∞ Axe of Woe
rCold   . . .      Faith    .    (shield currently unavailable)
rNeg    . . .      Spirit   +    a - +0 robe
rPois   .          Reflect  .    (no helmet)
rElec   .          Harm     .    (no cloak)
rCorr   .          Rampage  .    (no gloves)
Will    .....      NoTele   +    (no boots)
Stlth   +++.......               (no amulet)
HPRegen 0.33/turn                (no ring)
MPRegen 0.34/turn                (no ring)

@: no status effects
A: large bone plates 1, magic shield, magic regeneration, demonic magic 2
a: Renounce Religion, Minor Destruction


You were in the Dungeon.
You worshipped Makhleb.
Makhleb was pleased with you.
You visited 1 branch


Innate Abilities, Weirdness & Mutations

You are partially covered in large bone plates. (SH +4)
When hurt, damage is shared between your health and your magic reserves.
You regenerate magic rapidly.
Spells you cast may paralyse nearby enemies.


   Skills:
 + Level 6.3 Fighting
 + Level 5.0(6.0) Short Blades
 + Level 5.1(6.1) Long Blades
 + Level 5.0(7.0) Axes
 + Level 5.2(7.0) Maces & Flails
 + Level 5.3(7.1) Polearms
 + Level 5.0(7.0) Staves
 + Level 4.8 Ranged Weapons
 + Level 4.8 Throwing
 + Level 5.6 Armour
 + Level 6.0 Dodging
 + Level 5.7 Stealth
 + Level 5.0 Shields
 + Level 5.9 Unarmed Combat
 + Level 6.2 Spellcasting
 + Level 5.6 Conjurations
 + Level 5.5 Hexes
 + Level 5.3 Summonings
 + Level 6.8 Necromancy
 + Level 5.4 Translocations
 + Level 4.9 Transmutations
 + Level 5.2 Fire Magic
 + Level 5.0 Ice Magic
 + Level 5.0 Air Magic
 + Level 5.6 Earth Magic
 + Level 5.7 Poison Magic
 + Level 7.2 Invocations
 + Level 5.4 Evocations


You had 22 spell levels left.
You didn't know any spells.
Your spell library was empty.

Inventory:

Hand Weapons
 i - the +∞ Axe of Woe (weapon)
   (You found it in the Dungeon)
Armour
 a - a +0 robe (worn)
Scrolls
 h - a scroll of blinking
Potions
 b - a potion of ambrosia
 c - a potion of curing
 d - a potion of heal wounds
 e - a potion of haste
 f - 2 potions of magic
 g - a potion of berserk rage

Dungeon Overview and Level Annotations

Branches:
Dungeon (1/1) Zot: 27000

Altars:
Makhleb

.. ....... ..
..... #. ....#
#.. ...# ..
.###.. ...###...
......###........
......._.........
....#....o#.....
. #_.<.@# ...
#....)# .
....._.oo..
......###oo....
.###.. ...###.
#.. ...# #.. ..o#
.. ...o.


You could see 7 bags of meat.


Message History

Your Invocations skill gained 6 levels and is now at level 6!
Your Evocations skill gained 4 levels and is now at level 4!
You have reached level 2!
Your demonic ancestry asserts itself...
Your magic begins to regenerate rapidly.
You have reached level 3!
Your experience leads to an increase in your attributes!
Increase (S)trength, (I)ntelligence, or (D)exterity?
You feel agile. x2
You have reached level 4!
You feel agile.
You have reached level 5!
Your demonic ancestry asserts itself...
You feel your magical essence form a protective shroud around your flesh.
You have reached level 6!
You have reached level 7!
Your demonic ancestry asserts itself...
A menacing aura infuses your magic.
You have reached level 8!
You feel agile.
You have reached level 9!
Your experience leads to an increase in your attributes!
Increase (S)trength, (I)ntelligence, or (D)exterity?
You feel agile. x2; Your demonic ancestry asserts itself...
Large bone plates grow over parts of your arms.
You have reached level 10! 😎 HP[+56]
You now have 74 max hp (+56).
Your hp is fully restored (74).
Unknown command.
Press < or > to pray at altars.
Unknown command.
Press < or > to pray at altars.
Unknown command.
Press < or > to pray at altars.
Unknown command.
Press < or > to pray at altars.
Unknown command.
Press < or > to pray at altars.
Unknown command.
Press < or > to pray at altars.
You hear a shout! x8
A bag of meat comes into view. It is wielding a +9 war axe.
Unknown command.
Press < or > to pray at altars.
The bag of meat shouts!
You slash the bag of meat!
You cleave the bag of meat in twain.
You kill the bag of meat!
Makhleb accepts your kill.
You hear a shout! x4
A bag of meat comes into view. It is wielding a +9 war axe.
You hear a shout! x4
A bag of meat comes into view. It is wielding a +9 war axe.
You hear a shout! x7
The bag of meat hits you with a +9 war axe!!!
Ouch! That really hurt!
* * * LOW HITPOINT WARNING * * *
The bag of meat moves out of view.
You hear a shout!
Your Fighting skill increases to level 6!
Your base Short Blades skill increases to level 5!
Your base Long Blades skill increases to level 5!
Your base Axes skill increases to level 5!
Your base Maces & Flails skill increases to level 5!
Your base Polearms skill increases to level 5!
Your base Staves skill increases to level 5!
Your Armour skill increases to level 5!
Your Dodging skill increases to level 6!
Your Stealth skill increases to level 5!
Your Shields skill increases to level 5!
Your Spellcasting skill increases to level 6!
Your Conjurations skill increases to level 5!
Your Hexes skill increases to level 5!
Your Summonings skill increases to level 5!
Your Translocations skill increases to level 5!
Your Fire Magic skill increases to level 5!
Your Ice Magic skill increases to level 5!
Your Air Magic skill increases to level 5!
Your Earth Magic skill increases to level 5!
Your Poison Magic skill increases to level 5!
Your Invocations skill increases to level 7!
Your Evocations skill increases to level 5!
You have reached level 11!
Your demonic ancestry asserts itself...
Your magic grows more menacing. 😨 HP[-41] MP[-1]
You now have 81 max hp (+7).
You take 41 damage, and now have 33/81 hp.
MASSIVE DAMAGE!! (PAUSE) Unknown command.
Press < or > to pray at altars.
The bag of meat shouts!
You hit the bag of meat.
You hew the bag of meat savagely.
You kill the bag of meat!
Makhleb accepts your kill.
The bag of meat appears out of thin air!
A bag of meat comes into view. It is wielding a +9 war axe.
The bag of meat shouts!
You hear a shout! x13
The bag of meat hits you with a +9 war axe!!!
Ouch! That really hurt!
You die...

Skill      XL: |  1  2  3  4  5  6  7  8  9 10 |
---------------+-------------------------------+-----
Fighting       | 5 6 |  6.3
Short Blades   | 4 5 |  5.0
Long Blades    | 4 5 |  5.1
Axes           | 4 5 |  5.0
Maces & Flails | 4 5 |  5.2
Polearms       | 4 5 |  5.3
Staves         | 4 5 |  5.0
Ranged Weapons | 4 |  4.8
Throwing       | 4 |  4.8
Armour         | 4 5 |  5.6
Dodging        | 5 6 |  6.0
Stealth        | 4 5 |  5.7
Shields        | 4 5 |  5.0
Unarmed Combat | 5 |  5.9
Spellcasting   | 5 6 |  6.2
Conjurations   | 4 5 |  5.6
Hexes          | 4 5 |  5.5
Summonings     | 4 5 |  5.3
Necromancy     | 6 |  6.8
Translocations | 4 5 |  5.4
Transmutations | 4 |  4.9
Fire Magic     | 4 5 |  5.2
Ice Magic      | 4 5 |  5.0
Air Magic      | 4 5 |  5.0
Earth Magic    | 4 5 |  5.6
Poison Magic   | 4 5 |  5.7
Invocations    | 6 7 |  7.2
Evocations     | 4 5 |  5.4

Action                   |  1- 3 |  4- 6 |  7- 9 | 10-12 || total
-------------------------+-------+-------+-------+-------++-------
Melee: Executioner's axe |     1 |       |       |     2 ||     3

Levels and vault maps discovered:
D:        meatsprint

Notes
Turn   | Place    | Note
-------+----------+-------------------------------------------
     0 | D        | Found the +∞ Axe of Woe
     0 | D        | ytrimaz the Demonspawn Monk began the quest for the Orb.
     0 | D        | Reached XP level 1. HP: 18/18 MP: 1/1
     0 | D        | magus.rc [v1.9.6]
     1 | D        | Noticed a bag of meat
     3 | D        | Became a worshipper of Makhleb the Destroyer
     3 | D        | Reached * piety under Makhleb
     3 | D        | Reached ** piety under Makhleb
     3 | D        | Noticed a bag of meat
     5 | D        | Noticed a bag of meat
     8 | D        | Noticed a bag of meat
     9 | D        | Killed a bag of meat
     9 | D        | Noticed a bag of meat
     9 | D        | Noticed a bag of meat
    10 | D        | Reached skill level 5 in Fighting
    10 | D        | Reached skill level 4 in Short Blades
    10 | D        | Reached skill level 4 in Long Blades
    10 | D        | Reached skill level 4 in Axes
    10 | D        | Reached skill level 4 in Maces & Flails
    10 | D        | Reached skill level 4 in Polearms
    10 | D        | Reached skill level 4 in Staves
    10 | D        | Reached skill level 4 in Ranged Weapons
    10 | D        | Reached skill level 4 in Throwing
    10 | D        | Reached skill level 4 in Armour
    10 | D        | Reached skill level 5 in Dodging
    10 | D        | Reached skill level 4 in Stealth
    10 | D        | Reached skill level 4 in Shields
    10 | D        | Reached skill level 5 in Unarmed Combat
    10 | D        | Reached skill level 5 in Spellcasting
    10 | D        | Reached skill level 4 in Conjurations
    10 | D        | Reached skill level 4 in Hexes
    10 | D        | Reached skill level 4 in Summonings
    10 | D        | Reached skill level 6 in Necromancy
    10 | D        | Reached skill level 4 in Translocations
    10 | D        | Reached skill level 4 in Transmutations
    10 | D        | Reached skill level 4 in Fire Magic
    10 | D        | Reached skill level 4 in Ice Magic
    10 | D        | Reached skill level 4 in Air Magic
    10 | D        | Reached skill level 4 in Earth Magic
    10 | D        | Reached skill level 4 in Poison Magic
    10 | D        | Reached skill level 6 in Invocations
    10 | D        | Reached skill level 4 in Evocations
    10 | D        | Gained mutation: You regenerate magic rapidly. [demonic
                  | ancestry]
    10 | D        | Reached XP level 2. HP: 27/27 MP: 1/8
    10 | D        | Reached XP level 3. HP: 33/33 MP: 1/10
    10 | D        | Reached XP level 4. HP: 39/39 MP: 1/11
    10 | D        | Gained mutation: When hurt, damage is shared between your
                  | health and your magic reserves. [demonic ancestry]
    10 | D        | Reached XP level 5. HP: 44/44 MP: 1/13
    10 | D        | Reached XP level 6. HP: 51/51 MP: 1/14
    10 | D        | Gained mutation: Spells you cast may paralyse adjacent
                  | enemies. [demonic ancestry]
    10 | D        | Reached XP level 7. HP: 56/56 MP: 1/15
    10 | D        | Reached XP level 8. HP: 63/63 MP: 1/16
    10 | D        | Gained mutation: You are partially covered in large bone
                  | plates. (SH +4) [demonic ancestry]
    10 | D        | Reached XP level 9. HP: 68/68 MP: 1/17
    10 | D        | Reached XP level 10. HP: 74/74 MP: 1/18
    10 | D        | Noticed a bag of meat
    11 | D        | Killed a bag of meat
    11 | D        | Noticed a bag of meat
    11 | D        | Noticed a bag of meat
    12 | D        | Reached skill level 6 in Fighting
    12 | D        | Reached skill level 5 in Short Blades
    12 | D        | Reached skill level 5 in Long Blades
    12 | D        | Reached skill level 5 in Axes
    12 | D        | Reached skill level 5 in Maces & Flails
    12 | D        | Reached skill level 5 in Polearms
    12 | D        | Reached skill level 5 in Staves
    12 | D        | Reached skill level 5 in Armour
    12 | D        | Reached skill level 6 in Dodging
    12 | D        | Reached skill level 5 in Stealth
    12 | D        | Reached skill level 5 in Shields
    12 | D        | Reached skill level 6 in Spellcasting
    12 | D        | Reached skill level 5 in Conjurations
    12 | D        | Reached skill level 5 in Hexes
    12 | D        | Reached skill level 5 in Summonings
    12 | D        | Reached skill level 5 in Translocations
    12 | D        | Reached skill level 5 in Fire Magic
    12 | D        | Reached skill level 5 in Ice Magic
    12 | D        | Reached skill level 5 in Air Magic
    12 | D        | Reached skill level 5 in Earth Magic
    12 | D        | Reached skill level 5 in Poison Magic
    12 | D        | Reached skill level 7 in Invocations
    12 | D        | Reached skill level 5 in Evocations
    12 | D        | Gained mutation: Spells you cast may paralyse nearby
                  | enemies. [demonic ancestry]
    12 | D        | Reached XP level 11. HP: 33/81 MP: 0/20
    12 | D        | Killed a bag of meat
    12 | D        | Noticed a bag of meat
    12 | D        | Mangled by a bag of meat

Vanquished Creatures
  3 orcs (D)
3 creatures vanquished.

Table legend:
 A = Non-vault XP
 B = Vault XP
 C = Vault XP percentage of total XP
 D = Non-vault monster count
 E = Vault monster count
 F = Vault count percentage of total count
                 A         B        C        D         E       F
            +---------+---------+-------+---------+---------+-------
      Total |       0 |   29265 | 100.0 |       0 |       3 | 100.0
            +---------+---------+-------+---------+---------+-------
          D |       0 |   29265 | 100.0 |       0 |       3 | 100.0
            +---------+---------+-------+---------+---------+-------

Illustrated notes

Table legend:
 A = Kills in this place as a percentage of kills in entire the game.
 B = Kills by you in this place as a percentage of kills by you in the entire game.
 C = Kills by friends in this place as a percentage of kills by friends in the entire game.
 D = Other kills in this place as a percentage of other kills in the entire game.
 E = Experience gained in this place as a percentage of experience gained in the entire game.
 F = Experience gained in this place divided by the number of levels of this place that you have seen.
                   A       B       C       D       E      F
               +-------+-------+-------+-------+-------+----------------------
         Total | 100.0 | 100.0 |   N/A |   N/A | 100.0 | 29265.0
       Dungeon | 100.0 | 100.0 |   N/A |   N/A | 100.0 | 29265.0
               +-------+-------+-------+-------+-------+----------------------

Table legend: (Time is in decaauts)
 A = Elapsed time spent in this place.
 B = Non-inter-level travel time spent in this place.
 C = Inter-level travel time spent in this place.
 D = Time resting spent in this place.
 E = Time spent auto-exploring this place.
 F = Levels seen in this place.
 G = Mean time per level.
                   A        B        C        D        E       F      G
               +--------+--------+--------+--------+--------+-----+--------+
         Total |     13 |     13 |      0 |      0 |      0 |   1 |   13.0 |
       Dungeon |     13 |     13 |      0 |      0 |      0 |   1 |   13.0 |
               +--------+--------+--------+--------+--------+-----+--------+

Top non-repeatable levels by time:
       D: 13 daAuts
